 Dungeon Crawl Stone Soup version 0.18-a0-824-g47fe746 (webtiles) character file.

3423 JokEr the Martial Artist (level 10, -1/86 HPs)
             Began as an Octopode Transmuter on Dec 17, 2015.
             Was an Elder of Cheibriados.
             Slain by an unseen horror (7 damage)
             ... on level 8 of the Dungeon.
             The game lasted 00:21:35 (11889 turns).

JokEr the Martial Artist (Octopode Transmuter)     Turns: 11889, Time: 00:21:35

Health: -1/86      AC:  6    Str: 19    XL:     10   Next: 5%
Magic:  13/13      EV: 11    Int: 27    God:    Cheibriados [****..]
Gold:   400        SH:  0    Dex: 22    Spells: 3 memorised, 3 levels left

rFire  + . .     SeeInvis .       - Unarmed
rCold  + + +     Gourm    .     (shield currently unavailable)
rNeg   . . .     Faith    .     (helmet currently unavailable)
rPois  +         Spirit   .     (no amulet)
rElec  +         Dismiss  .     e - ring of fire
rCorr  +         Reflect  .     f - ring of stealth
SustAt .         Harm     .     x - ring of protection from cold
MR     .....                    (no ring)
Stlth  +++.......               (no ring)
                                (no ring)
                                (no ring)
                                (no ring)

@: ice-form, resistant, very slow, not resistant to hostile enchantments, fairly
stealthy
A: almost no armour, amphibious, 8 rings, (constrict 8), (camouflage 0),
(gelatinous body 0)
a: End Transformation, Bend Time, Temporal Distortion, Slouch, Renounce Religion


You were on level 8 of the Dungeon.
You worshipped Cheibriados.
Cheibriados was greatly pleased with you.
You were not hungry.
You were a creature of crystalline ice.
You visited 1 branch of the dungeon, and saw 8 of its levels.
You also visited: Sewer.

You collected 400 gold pieces.

Inventory:

Missiles
 a - 149 arrows
Jewellery
 e - a ring of fire (left front paw)
 f - a ring of stealth (right front paw)
 x - a ring of protection from cold (on tentacle)
Wands
 j - a wand of confusion (18)
 u - a wand of flame (23)
Scrolls
 d - 3 scrolls of random uselessness
 i - a scroll of enchant weapon
 k - 2 scrolls of recharging
 l - 4 scrolls of teleportation
 r - a scroll of fear
 v - 2 scrolls of remove curse
Potions
 m - a potion of haste
 n - a potion of brilliance {unknown}
 o - 2 potions of might {unknown}
 p - a potion of cancellation
 q - a potion of mutation {unknown}
 t - a potion of resistance
 w - a potion of flight {unknown}
 z - a potion of degeneration {unknown}
 B - a potion of lignification {unknown}
Books
 b - a book of Changes

   Spells                             Type                      Level
   a - Beastly Appendage              Transmutation                1
   b - Sticks to Snakes               Transmutation                2
   c - Spider Form                    Transmutation/Poison         3
   d - Ice Form                       Ice/Transmutation            4
   e - Blade Hands                    Transmutation                5
 s - a book of Geomancy

   Spells                             Type                      Level
   a - Sandblast                      Earth                        1
   b - Stoneskin                      Transmutation/Earth          2
   c - Passwall                       Transmutation/Earth          3
   d - Stone Arrow                    Conjuration/Earth            3
   e - Petrify                        Transmutation/Earth          4
   f - Lee's Rapid Deconstruction     Earth                        5
 y - a book of Necromancy

   Spells                             Type                      Level
   a - Pain                           Necromancy                   1
   b - Animate Skeleton               Necromancy                   1
   c - Vampiric Draining              Necromancy                   3
   d - Regeneration                   Charms/Necromancy            3
   e - Animate Dead                   Necromancy                   4
   f - Control Undead                 Necromancy                   4
Comestibles
 c - 8 bread rations
 g - 2 beef jerkies
 h - a meat ration
 A - 3 fruits


   Skills:
 + Level 8.0 Fighting
 - Level 2.0 Dodging
 + Level 8.8 Unarmed Combat
 - Level 2.0 Spellcasting
 + Level 5.8 Transmutations
 - Level 5.7 Ice Magic


You had 3 spell levels left.
You knew the following spells:

 Your Spells              Type           Power        Failure   Level  Hunger
a - Beastly Appendage     Trmt           ####..       1%          1    None
b - Ice Form              Ice/Trmt       ###.....     12%         4    ####...
c - Blade Hands           Trmt           ####......   28%         5    ######.


Dungeon Overview and Level Annotations

Branches:
Dungeon (8/15)             Temple (0/1) D:6
   Lair: D:8-11

Altars:
Cheibriados
Elyvilon
Makhleb
Nemelex Xobeh
Sif Muna
Vehumet
Yredelemnul

Annotations:
D:4 Sigmund


Innate Abilities, Weirdness & Mutations

You cannot wear most types of armour.
You are amphibious.
You can wear up to eight rings at the same time.
((You can use your tentacles to constrict eight enemies at once.))
((Your skin changes colour to match your surroundings (Stealth).))
((Your rubbery body absorbs attacks (AC +1).))


Message History

Something hits you!
You open the door. Something hits you. Something hits you but does no damage.
There is an open door here.
Something hits you but does no damage. Something hits you!
Something hits you. x2
* * * LOW HITPOINT WARNING * * *
Something barely misses you. Something hits you!
* * * LOW HITPOINT WARNING * * *
There is an open door here.
Drink which item? (? for menu, Esc to quit)
You feel protected. Something hits you!
* * * LOW HITPOINT WARNING * * *
Something hits you.
* * * LOW HITPOINT WARNING * * *
Something hits you!
You die...

......+ #.....#
+.....# #.....#
#.....# #.....######
####!......#
####.......#
#Y.'.......#
#########.##.......#
#.........##.......#
#.########...#######
#.# #...# ###'######
#...# #........#
#...#
#....)##.###...#
#.....##...#...#


There were no monsters in sight!

Vanquished Creatures
  The ghost of tof the Covered, an amateur MiMo of Ru (D:5)
  A spriggan (D:7)
  The ghost of JokEr the Insei, an amateur OpTm (D:4)
  Menkaure (D:5)
  A soldier ant (D:6)
  An orc warrior (D:6)
  2 ice beasts
  A sky beast (D:7)
  A phantom (D:5)
  3 ogres
  4 giant frogs
  A water moccasin zombie (D:4)
  4 scorpions
  A giant frog zombie (D:5)
  6 crimson imps
  8 orc wizards
  3 orc priests (D:6)
  A jelly (D:6)
  2 giant frog skeletons
  6 hounds
  Natasha (thrice) (D:2)
  An iguana (D:5)
  5 worker ants
  2 worker ant zombies (D:7)
  Robin (D:2)
  7 gnolls (D:6)
  15 adders
  A shadow imp (D:5)
  3 adder skeletons
  3 worms (D:2)
  4 giant geckos
  28 orcs
  8 ball pythons
  5 giant cockroaches
  9 hobgoblins
  18 jackals
  5 quokkas
  15 bats
  7 giant newts
  16 goblins
  A jackal zombie (D:6)
  10 kobolds
  12 rats
  A spectral orc (D:8)
  2 plants (Sewer)
231 creatures vanquished.

Notes
Turn   | Place    | Note
--------------------------------------------------------------
     0 | D:1      | JokEr the Octopode Transmuter began the quest for the Orb.
     0 | D:1      | Reached XP level 1. HP: 13/13 MP: 3/3
   180 | D:1      | Reached XP level 2. HP: 15/18 MP: 5/5
   965 | D:1      | Reached XP level 3. HP: 23/23 MP: 6/6
  1086 | D:1      | You fall through a shaft!
  1101 | D:2      | Found a white marble altar of Elyvilon.
  1301 | D:2      | Noticed Natasha
  1318 | D:2      | Killed Natasha
  1318 | D:2      | Reached XP level 4. HP: 2/29 MP: 7/7
  1706 | D:2      | Noticed Robin
  1718 | D:2      | Killed Robin
  1989 | D:2      | Noticed Natasha
  1998 | D:2      | Killed Natasha
  2304 | D:2      | Reached XP level 5. HP: 35/35 MP: 8/8
  2383 | D:2      | Learned a level 4 spell: Ice Form
  2519 | D:2      | Noticed Natasha
  2525 | D:2      | Killed Natasha
  2528 | D:2      | Reached skill level 4 in Unarmed Combat
  3670 | D:3      | Found a glowing drain.
  3688 | Sewer    | Entered a sewer
  5051 | D:4      | Reached XP level 6. HP: 23/42 MP: 9/9
  5238 | D:4      | Found a burning altar of Makhleb.
  5254 | D:4      | Noticed JokEr's ghost (amateur OpTm)
  5263 | D:4      | Killed JokEr's ghost
  5263 | D:4      | Reached skill level 1 in Ice Magic
  5326 | D:4      | Reached skill level 5 in Unarmed Combat
  5334 | D:4      | Reached XP level 7. HP: 18/47 MP: 10/10
  6661 | D:4      | Noticed Sigmund
  6691 | D:4      | Learned a level 5 spell: Blade Hands
  6692 | D:5      | Entered Level 5 of the Dungeon
  6692 | D:5      | Found a snail-covered altar of Cheibriados.
  6697 | D:5      | Became a worshipper of Cheibriados the Contemplative
  6748 | D:5      | Reached skill level 6 in Unarmed Combat
  6748 | D:5      | Reached XP level 8. HP: 37/54 MP: 11/11
  7210 | D:5      | Reached skill level 5 in Fighting
  7612 | D:5      | Noticed tof's ghost (amateur MiMo)
  7647 | D:5      | Killed tof's ghost
  8059 | D:5      | Reached * piety under Cheibriados
  8209 | D:5      | Noticed Menkaure
  8215 | D:5      | Killed Menkaure
  8215 | D:5      | Reached skill level 7 in Unarmed Combat
  8567 | D:6      | Reached skill level 5 in Ice Magic
  8717 | D:6      | Reached XP level 9. HP: 22/62 MP: 3/12
  9290 | D:6      | Found a staircase to the Ecumenical Temple.
  9818 | D:6      | Reached ** piety under Cheibriados
 10510 | D:6      | Reached *** piety under Cheibriados
 10515 | D:6      | Reached skill level 8 in Unarmed Combat
 11232 | D:7      | Found a radiant altar of Vehumet.
 11236 | D:7      | Found a deep blue altar of Sif Muna.
 11243 | D:7      | Found a sparkling altar of Nemelex Xobeh.
 11325 | D:7      | Reached skill level 5 in Transmutations
 11669 | D:8      | Reached **** piety under Cheibriados
 11711 | D:8      | Found a basalt altar of Yredelemnul.
 11797 | D:8      | Reached XP level 10. HP: 72/72 MP: 8/13
 11889 | D:8      | Slain by an unseen horror

Vault maps used:
D:1:      dpeg_arrival_shelter, interstate_on_off, grunt_decor_one_mirror,
          st_stairs_6
D:2:      marbit_many_paths, uniq_natasha, uniq_robin
D:3:      portal_sewer_entry_a, minmay_misc_feat_columns
D:4:      old_standard_altar, minmay_misc_feat_plants, uniq_sigmund
D:5:      cheibriados_altar_1, first_bread, st_stairs_9, uniq_menkaure
D:6:      minmay_temple_entry_nine_rooms
D:7:      grunt_temple_overflow_open, the_bakery
D:8:      yredelemnul_forgotten_temple_becter, lair_0_dummy, uniq_prince_ribbit1
Sewer:    sewer_co_scattered_pipes

Action                   |  1- 3 |  4- 6 |  7- 9 | 10-12 || total
-------------------------+-------+-------+-------+-------++-------
Melee: Unarmed           |    68 |   236 |   336 |     5 ||   645
 Cast: Beastly Appendage |     4 |    13 |    10 |       ||    27
       Ice Form          |       |       |    21 |     1 ||    22
  Use: Scroll            |       |    11 |     2 |       ||    13
       Potion            |       |     2 |     8 |     1 ||    11
 Stab: Sleeping          |     3 |     9 |    11 |       ||    23
       Distracted        |     1 |       |       |       ||     1
  Eat: Chunk             |     1 |    13 |     9 |       ||    23
       Bread ration      |       |       |     2 |       ||     2
       Royal jelly       |       |       |     1 |       ||     1
